NYP
WEST VIRGINIA BLACK BEARS @ MAHONING VALLEY SCRAPPERS
08/28/2099
 
TOP OF THE 1ST
West Virginia Black Bears batting - Pitching for Mahoning Valley Scrappers : RHP Lindsay Nickerson
Pitching: RHP Lindsay Nickerson
Batting: LHB Marc Jensen 0-0: Called Strike
0-1: Ball
1-1: Ground out U3 (Groundball, 3, EV 86.3 MPH)
Batting: LHB Chris Daniel 0-0: Ball
1-0: Fly out, F7 (Flyball, 7, EV 80.6 MPH)
Batting: RHB Shawn Atkin 0-0: Called Strike
0-1: SINGLE (Groundball, 34D, EV 98.1 MPH)
Batting: RHB David Burks 0-0: Ball
1-0: Foul Ball, location: 2F
1-1: Fly out, F3 (Popup, 3SF, EV 69.4 MPH)
Top of the 1st over - 0 runs, 1 hit, 0 errors, 1 left on base; West Virginia 0 - Mahoning Valley 0
BOTTOM OF THE 1ST
Mahoning Valley Scrappers batting - Pitching for West Virginia Black Bears : LHP Clint Sims
Pitching: LHP Clint Sims
Batting: SHB Scott Durfee 0-0: Called Strike
0-1: Foul Ball, location: 7LSF
0-2: Ball
1-2: Ball
2-2: Strikes out swinging
Batting: RHB Jerry Alvarado 0-0: Called Strike
0-1: Called Strike
0-2: Foul Ball, location: 2F
0-2: Ball
1-2: Fly out, F8 (Flyball, 8LD, EV 94.4 MPH)
Batting: RHB Ed Donohue 0-0: Called Strike
0-1: Foul Ball, location: 2F
0-2: Foul Ball, location: 5FF
0-2: Foul Ball, location: 2F
0-2: Ball
1-2: Ball
2-2: Fly out, F7 (Flyball, 7, EV 81.9 MPH)
Bottom of the 1st over - 0 runs, 0 hits, 0 errors, 0 left on base; West Virginia 0 - Mahoning Valley 0
TOP OF THE 2ND
West Virginia Black Bears batting - Pitching for Mahoning Valley Scrappers : RHP Lindsay Nickerson
Batting: LHB Harry Romero 0-0: Fly out, F8 (Flyball, 8LD, EV 106.3 MPH)
Batting: RHB Sam Filter 0-0: Ball
1-0: Called Strike
1-1: Fly out, F4 (Popup, 4S, EV 85.6 MPH)
Batting: SHB Mark Norlander 0-0: Ball
1-0: Swinging Strike
1-1: Ground out 3-1 (Groundball, 34, EV 83.8 MPH)
Top of the 2nd over - 0 runs, 0 hits, 0 errors, 0 left on base; West Virginia 0 - Mahoning Valley 0
BOTTOM OF THE 2ND
Mahoning Valley Scrappers batting - Pitching for West Virginia Black Bears : LHP Clint Sims
Batting: LHB Danny Wright 0-0: SINGLE (Groundball, 56D, EV 103.1 MPH)
Batting: RHB Adam Van Leuven 0-0: Ball
1-0: Ball
2-0: SINGLE (Groundball, 6MD, EV 106.3 MPH)
Danny Wright to second
Batting: RHB Nick Barry 0-0: SINGLE (Line Drive, 34D, EV 99.4 MPH)
Danny Wright to third
Adam Van Leuven to second
Runner from 3rd tries for Home, SAFE, throw by RF to home
Batting: RHB Jairo Medina 0-0: Ball
1-0: Ball
2-0: Foul Ball, location: 23F
2-1: Bunted foul
2-2: Foul Ball, location: 2F
2-2: Grounds into double play, 6-4-3 (Groundball, 6, EV 80.0 MPH)
Adam Van Leuven to third
Batting: LHB Jason Nitzel 0-0: Ball
1-0: Ball
2-0: Ball
3-0: Called Strike
3-1: Ground out 5-3 (Groundball, 56, EV 81.9 MPH)
Bottom of the 2nd over - 1 run, 3 hits, 0 errors, 1 left on base; West Virginia 0 - Mahoning Valley 1
TOP OF THE 3RD
West Virginia Black Bears batting - Pitching for Mahoning Valley Scrappers : RHP Lindsay Nickerson
Batting: RHB Josh Kastner 0-0: Swinging Strike
0-1: Ball
1-1: Called Strike
1-2: Foul Ball, location: 2F
1-2: Fly out, F9 (Flyball, 9LM, EV 86.9 MPH)
Batting: SHB Tyler Ryan 0-0: Ball
1-0: Called Strike
1-1: Fly out, F5 (Line Drive, 56, EV 62.5 MPH)
Batting: LHB Marc Jensen 0-0: SINGLE (Groundball, 4MD, EV 101.9 MPH)
Batting: LHB Chris Daniel 0-0: SINGLE (Line Drive, 34D, EV 108.1 MPH)
Marc Jensen to second
Runner from 2nd tries for 3rd, SAFE, throw by RF made to third
Batting: RHB Shawn Atkin 0-0: Called Strike
0-1: Ball
1-1: Ball
2-1: Ball
3-1: SINGLE (Groundball, 4MD, EV 95.6 MPH)
Marc Jensen scores
Chris Daniel to second
Batting: RHB David Burks 0-0: Ball
1-0: Ball
2-0: Foul Ball, location: 9LMF
2-1: Foul Ball, location: 3F
2-2: Foul Ball, location: 9LDF
2-2: Ball
3-2: Strikes out swinging
Top of the 3rd over - 1 run, 3 hits, 0 errors, 2 left on base; West Virginia 1 - Mahoning Valley 1
BOTTOM OF THE 3RD
Mahoning Valley Scrappers batting - Pitching for West Virginia Black Bears : LHP Clint Sims
Batting: RHB Kozo Komatsu 0-0: Foul Ball, location: 2F
0-1: Swinging Strike
0-2: Ball
1-2: Ball
2-2: Ground out 6-3 (Groundball, 6, EV 97.5 MPH)
Batting: SHB Scott Durfee 0-0: Called Strike
0-1: Foul Ball, location: 5F
0-2: Ball
1-2: Foul Ball, location: 2F
1-2: Ball
2-2: Foul Ball, location: 25FF
2-2: Ball
3-2: Fly out, F8 (Flyball, 8LS, EV 80.6 MPH)
Batting: RHB Jerry Alvarado 0-0: Fly out, F6 (Popup, 4MD, EV 67.5 MPH)
Bottom of the 3rd over - 0 runs, 0 hits, 0 errors, 0 left on base; West Virginia 1 - Mahoning Valley 1
TOP OF THE 4TH
West Virginia Black Bears batting - Pitching for Mahoning Valley Scrappers : RHP Lindsay Nickerson
Batting: LHB Harry Romero 0-0: SINGLE (Line Drive, 9S, EV 111.3 MPH)
Batting: RHB Sam Filter 0-0: Called Strike
0-1: Ball
1-1: Ball
2-1: Fly out, F5 (Popup, 5SF, EV 80.0 MPH)
Batting: SHB Mark Norlander 0-0: Foul Ball, location: 9LMFF
0-1: Swinging Strike
0-2: Strikes out swinging
Batting: RHB Josh Kastner 0-0: Foul Ball, location: 2F
0-1: Swinging Strike
0-2: Fly out, F7 (Line Drive, 7, EV 88.1 MPH)
Top of the 4th over - 0 runs, 1 hit, 0 errors, 1 left on base; West Virginia 1 - Mahoning Valley 1
BOTTOM OF THE 4TH
Mahoning Valley Scrappers batting - Pitching for West Virginia Black Bears : LHP Clint Sims
Batting: RHB Ed Donohue 0-0: Ground out 6-3 (Groundball, 6, EV 82.5 MPH)
Batting: LHB Danny Wright 0-0: Called Strike
0-1: Ball
1-1: Called Strike
1-2: Ball
2-2: SOLO HOME RUN (Flyball, 7D, EV 99.4 MPH), Distance : 378 ft
Batting: RHB Adam Van Leuven 0-0: Ball
1-0: Called Strike
1-1: Fly out, F8 (Flyball, 89M, EV 79.4 MPH)
Batting: RHB Nick Barry 0-0: Called Strike
0-1: Called Strike
0-2: Ball
1-2: Ball
2-2: Ball
3-2: Foul Ball, location: 2F
3-2: Base on Balls
Pitching: RHP Arturo Flores
Batting: RHB Jairo Medina 0-0: Called Strike
0-1: Ball
1-1: Ball
2-1: Foul Ball, location: 5F
2-2: Foul Ball, location: 25F
2-2: Foul Ball, location: 2F
2-2: Fly out, F4 (Popup, 34, EV 76.3 MPH)
Bottom of the 4th over - 1 run, 1 hit, 0 errors, 1 left on base; West Virginia 1 - Mahoning Valley 2
TOP OF THE 5TH
West Virginia Black Bears batting - Pitching for Mahoning Valley Scrappers : RHP Lindsay Nickerson
Batting: SHB Tyler Ryan 0-0: SINGLE (Groundball, 56S, EV 76.3 MPH) (infield hit)
Batting: LHB Marc Jensen 0-0: Ball
1-0: Called Strike
1-1: Ball
2-1: Bunt missed!
2-2: Ball
3-2: Fly out, F8 (Flyball, 8LM, EV 93.1 MPH)
Batting: LHB Chris Daniel 0-0: Called Strike
0-1: Ball
1-1: Foul Ball, location: 3FF
1-2: Ball
2-2: Ball
3-2: Fly out, F2 (Popup, 15S, EV 91.3 MPH)
Batting: RHB Shawn Atkin 0-0: Ball
1-0: Ball
2-0: Called Strike
2-1: Ball
3-1: SINGLE (Groundball, 34D, EV 104.4 MPH)
Tyler Ryan to second
Runner from 2nd tries for 3rd, SAFE, no throw by RF
Batting: RHB David Burks 0-0: Called Strike
0-1: Ball
1-1: Ball
2-1: Ball
3-1: Called Strike
3-2: Ground out 5-3 (Groundball, 56S, EV 83.8 MPH)
Top of the 5th over - 0 runs, 2 hits, 0 errors, 2 left on base; West Virginia 1 - Mahoning Valley 2
BOTTOM OF THE 5TH
Mahoning Valley Scrappers batting - Pitching for West Virginia Black Bears : RHP Arturo Flores
Batting: LHB Jason Nitzel 0-0: Ball
1-0: Called Strike
1-1: Foul Ball, location: 7LMF
1-2: Foul Ball, location: 5SF
1-2: Ball
2-2: Ball
3-2: Foul Ball, location: 2F
3-2: DOUBLE (Flyball, 78XD, EV 95.0 MPH)
Batting: RHB Kozo Komatsu 0-0: Called Strike
0-1: Ball
1-1: SINGLE (Groundball, 4MD, EV 106.9 MPH)
Jason Nitzel to third
Batting: SHB Scott Durfee 0-0: Ball
1-0: Ball
2-0: Fly out, F9 (Line Drive, 9S, EV 104.4 MPH)
Runner from 3rd tags up, SCORES, throw by RF
Batting: RHB Jerry Alvarado 0-0: Fly out, F7 (Flyball, 7LM, EV 84.4 MPH)
Batting: RHB Ed Donohue 0-0: Foul Ball, location: 5F
0-1: Foul Ball, location: 5FF
0-2: SINGLE (Groundball, 6MD, EV 97.5 MPH)
Kozo Komatsu to second
Batting: LHB Danny Wright 0-0: Ball
1-0: Ground out 6-3 (Groundball, P, EV 78.8 MPH)
Bottom of the 5th over - 1 run, 3 hits, 0 errors, 2 left on base; West Virginia 1 - Mahoning Valley 3
TOP OF THE 6TH
West Virginia Black Bears batting - Pitching for Mahoning Valley Scrappers : RHP Lindsay Nickerson
Batting: LHB Harry Romero 0-0: Called Strike
0-1: Ground out 6-3 (Groundball, 6, EV 86.9 MPH)
Batting: RHB Sam Filter 0-0: Swinging Strike
0-1: Ball
1-1: Swinging Strike
1-2: Strikes out swinging
Batting: SHB Mark Norlander 0-0: Ball
1-0: Ball
2-0: Foul Ball, location: 3F
2-1: Ground out 4-3 (Groundball, 4M, EV 83.8 MPH)
Top of the 6th over - 0 runs, 0 hits, 0 errors, 0 left on base; West Virginia 1 - Mahoning Valley 3
BOTTOM OF THE 6TH
Mahoning Valley Scrappers batting - Pitching for West Virginia Black Bears : RHP Arturo Flores
Batting: RHB Adam Van Leuven 0-0: Ground out 5-3 (Groundball, 15, EV 81.9 MPH)
Batting: RHB Nick Barry 0-0: Called Strike
0-1: Ball
1-1: Swinging Strike
1-2: DOUBLE (Flyball, 8RXD, EV 110.6 MPH)
Batting: RHB Jairo Medina 0-0: Ball
1-0: Fly out, F6 (Popup, 15, EV 87.5 MPH)
Batting: LHB Jason Nitzel 0-0: Ball
1-0: Foul Ball, location: 7LMF
1-1: Ball
2-1: Ball
3-1: Foul Ball, location: 7LMF
3-2: Base on Balls
Pitching: RHP Rogelio Montoya
Batting: RHB Kozo Komatsu 0-0: Called Strike
0-1: Ball
1-1: Ball
2-1: Foul Ball, location: 9LDF
2-2: Foul Ball, location: 9LSFF
2-2: 3-RUN HOME RUN (Flyball, 9D, EV 96.9 MPH), Distance : 383 ft
Batting: SHB Scott Durfee 0-0: Ball
1-0: Foul Ball, location: 25F
1-1: Foul Ball, location: 7LMF
1-2: SINGLE (Flyball, 8LS, EV 96.9 MPH)
Batting: RHB Jerry Alvarado 0-0: Ball
1-0: Fly out, F9 (Flyball, 89M, EV 92.5 MPH)
Bottom of the 6th over - 3 runs, 3 hits, 0 errors, 1 left on base; West Virginia 1 - Mahoning Valley 6
TOP OF THE 7TH
West Virginia Black Bears batting - Pitching for Mahoning Valley Scrappers : RHP Lindsay Nickerson
Batting: RHB Josh Kastner 0-0: Swinging Strike
0-1: Ball
1-1: Swinging Strike
1-2: Foul Ball, location: 2F
1-2: Ball
2-2: Strikes out swinging
Pitching: RHP B.J. Williams
Batting: SHB Tyler Ryan 0-0: Foul Ball, location: 3FF
0-1: Ground out U3 (Groundball, 3L, EV 87.5 MPH)
Batting: LHB Marc Jensen 0-0: Called Strike
0-1: Ball
1-1: Foul Ball, location: 7LSF
1-2: Strikes out swinging
Top of the 7th over - 0 runs, 0 hits, 0 errors, 0 left on base; West Virginia 1 - Mahoning Valley 6
BOTTOM OF THE 7TH
Mahoning Valley Scrappers batting - Pitching for West Virginia Black Bears : RHP Rogelio Montoya
Batting: RHB Ed Donohue 0-0: Swinging Strike
0-1: Ball
1-1: Swinging Strike
1-2: Strikes out swinging
Batting: LHB Danny Wright 0-0: Swinging Strike
0-1: Foul Ball, location: 5FF
0-2: Foul Ball, location: 2F
0-2: Ball
1-2: Foul Ball, location: 5SF
1-2: Foul Ball, location: 7LMF
1-2: Foul Ball, location: 2F
1-2: Ball
2-2: Ground out 4-3 (Groundball, 34D, EV 84.4 MPH)
Batting: RHB Adam Van Leuven 0-0: Fly out, F8 (Flyball, 8RD, EV 110.0 MPH)
Bottom of the 7th over - 0 runs, 0 hits, 0 errors, 0 left on base; West Virginia 1 - Mahoning Valley 6
TOP OF THE 8TH
West Virginia Black Bears batting - Pitching for Mahoning Valley Scrappers : RHP B.J. Williams
Batting: LHB Chris Daniel 0-0: Ball
1-0: Called Strike
1-1: Ball
2-1: Swinging Strike
2-2: Strikes out swinging
Batting: RHB Shawn Atkin 0-0: Called Strike
0-1: Swinging Strike
0-2: Ball
1-2: Strikes out swinging
Batting: RHB David Burks 0-0: Ball
1-0: Ground out 1-3 (Groundball, 15S, EV 66.9 MPH)
Top of the 8th over - 0 runs, 0 hits, 0 errors, 0 left on base; West Virginia 1 - Mahoning Valley 6
BOTTOM OF THE 8TH
Mahoning Valley Scrappers batting - Pitching for West Virginia Black Bears : RHP Rogelio Montoya
Batting: RHB Nick Barry 0-0: Fly out, F8 (Flyball, 89D, EV 98.1 MPH)
Batting: RHB Jairo Medina 0-0: Called Strike
0-1: Called Strike
0-2: Ball
1-2: Ball
2-2: Ball
3-2: Foul Ball, location: 2F
3-2: Foul Ball, location: 2F
3-2: Foul Ball, location: 3FF
3-2: Hit by Pitch
Batting: LHB Jason Nitzel 0-0: Called Strike
0-1: Ball
1-1: Ball
2-1: Grounds into double play, 4-6-3 (Groundball, 4, EV 83.1 MPH)
Bottom of the 8th over - 0 runs, 0 hits, 0 errors, 0 left on base; West Virginia 1 - Mahoning Valley 6
TOP OF THE 9TH
West Virginia Black Bears batting - Pitching for Mahoning Valley Scrappers : RHP B.J. Williams
Pitching: RHP Tony Perez
Batting: SHB Rogelio Vargas 0-0: Foul Ball, location: 7LSF
0-1: Ball
1-1: Foul Ball, location: 2F
1-2: Foul Ball, location: 3DF
1-2: Ball
2-2: Ball
3-2: Ground out 4-3 (Groundball, 4, EV 82.5 MPH)
Batting: RHB Sam Filter 0-0: Ball
1-0: Ball
2-0: Ball
3-0: Called Strike
3-1: Base on Balls
Batting: SHB Mark Norlander 0-0: Called Strike
0-1: Ball
1-1: Swinging Strike
1-2: Strikes out looking
Pinch Hitting: LHB Alex Hernandez 0-0: Ball
1-0: Ball
2-0: Hit by Pitch
Sam Filter to second
Batting: SHB Tyler Ryan 0-0: Ball
1-0: Ground out U3 (Groundball, 3, EV 89.4 MPH)
Top of the 9th over - 0 runs, 0 hits, 0 errors, 2 left on base; West Virginia 1 - Mahoning Valley 6
Thursday, May 16th , 2024 - OOTP Baseball 24.11 Build 85